 Dungeon Crawl Stone Soup version 0.31-a0-221-gbddc013574 (webtiles) character file.

Game seed: 3596092711544060741

102 qw the Chopper (level 4, 0/28 HPs)
             Began as a Gargoyle Fighter on July 3, 2023.
             Slain by Sigmund
             ... wielding a +0 scythe
              (3 damage)
             ... on level 2 of the Dungeon.
             The game lasted 00:00:56 (1336 turns).

qw the Chopper (Gargoyle Fighter)                   Turns: 1336, Time: 00:00:56

Health: 0/28       AC: 12    Str: 20    XL:     4   Next: 78%
Magic:  4/4        EV:  7    Int:  6    God:
Gold:   103        SH:  4    Dex: 13    Spells: 3/3 levels left

rFire   . . .        Y - +0 war axe
rCold   . . .        c - +0 buckler
rNeg    + . .        m - +0 chain mail
rPois   inf          (no helmet)
rElec   +            (no cloak)
rCorr   .            (no gloves)
SInv    .            (no boots)
Will    .....        (no amulet) Stlth
                     (no ring)
HPRegen 0.24/turn    (no ring)
MPRegen 0.09/turn

%: no passive effects
@: no status effects
A: sickness immunity, AC +3, negative energy resistance 1, electricity
resistance, torment resistance 1, petrification resistance, agile 1, dopey 1
a: no special abilities


You were on level 2 of the Dungeon.
You visited 1 branch of the dungeon, and saw 2 of its levels.

You collected 103 gold pieces.


Innate Abilities, Weirdness & Mutations

You are immune to sickness and miasma.
Your stone body is resilient. (AC +3)
You are immune to poison.
You resist negative energy. (rN+)
You are resistant to electric shocks. (rElec)
You are resistant to unholy torment.
You are immune to petrification.
You are agile. (Dex +4, Str/Int -1)
You are dopey. (Int -2)


   Skills:
 - Level 3.2 Fighting
 + Level 4.3 Axes
 - Level 3.2 Armour
 - Level 3.2 Shields


You had 3 spell levels left.
You didn't know any spells.
Your spell library was empty.

Inventory:

Hand Weapons
 b - a +0 whip
 Y - a +0 war axe (weapon)
Missiles
 n - 4 boomerangs (quivered)
Armour
 c - a +0 buckler (worn)
 e - a +0 kite shield
 f - a +0 plate armour
 g - a +1 helmet
 m - a +0 chain mail (worn)
Scrolls
 a - a scroll of amnesia {unknown}
 i - a scroll of teleportation {unknown}
Potions
 d - a potion of might
 h - a potion of cancellation {unknown}
 j - a potion of enlightenment {unknown}
 l - a potion of haste {unknown}

Dungeon Overview and Level Annotations

Branches:
Dungeon (2/15)

Altars:

Annotations:
D:2 Sigmund


Message History

Something tries to affect you, but you resist.
You miss something. Something hits you.
You hit something. Something hits you but does no damage.
You barely miss something. Something hits you but does no damage.
You barely miss something. Something hits you but does no damage.
You completely miss something. Something hits you but does no damage.
You miss something. Something completely misses you.
You slash something! Something hits you but does no damage.
You hit something.
You hear some strange, mumbled words.
You are confused.
Something hits you!
Enter note:
Enter note:
Enter note:
Enter note:
Enter note:
Enter note:
Enter note:
Enter note:
Enter note:
Enter note: A puff of flame appears from out of thin air!
The puff of flame hits you.
You hear some strange, mumbled words.
Something tries to affect you, but you resist.
Something hits you but does no damage.
You miss something. Something hits you.
You're too confused to move!
You feel less confused. Something hits you.
You die...

####..#..........########
#.....#......###.........
.............# ##########
.............####
.................
.......(.......#
..#............## .
#..##.......... .....
#.@........ ..###
#..........
........{........
................
######........##
######...# ...# ####


There were no monsters in sight!

Vanquished Creatures
  Robin (D:2)
  3 adders (D:2)
  2 worms (D:2)
  7 ball pythons (D:1)
  6 bats
  2 endoplasms (D:2)
  A giant cockroach (D:1)
  3 hobgoblins
  6 jackals (D:1)
  A quokka (D:2)
  16 goblins
  2 kobolds
  5 rats
55 creatures vanquished.

Notes
Turn   | Place    | Note
-------+----------+-------------------------------------------
     0 | D:1      | qw the Gargoyle Fighter began the quest for the Orb.
     0 | D:1      | Reached XP level 1. HP: 14/14 MP: 1/1
     0 | D:1      | 0 ||| qw: Version: 0.3-a-40-ge99b1a8
     0 | D:1      | 0 ||| qw: Game counter: 511
     0 | D:1      | 0 ||| qw: Melee chars always use a shield: true
     0 | D:1      | 0 ||| qw: God list: Okawaru
     0 | D:1      | 0 ||| qw: Allow faded altars: false
     0 | D:1      | 0 ||| qw: Do Orc after clearing Dungeon:15 true
     0 | D:1      | 0 ||| qw: Do second Lair branch before Depths: true
     0 | D:1      | 0 ||| qw: Lair rune preference: random
     0 | D:1      | 0 ||| qw: Goals: Normal, Zot:1-4, Slime:5, God:TSO, Crypt,
                  | Tomb, Abyss, Pan, Hells, Win
     0 | D:1      | 0 ||| PLANNING D:1-11
    74 | D:1      | Reached skill level 2 in Axes
   116 | D:1      | Reached XP level 2. HP: 19/19 MP: 2/2
   349 | D:1      | Reached skill level 3 in Axes
   447 | D:1      | Reached XP level 3. HP: 23/23 MP: 3/3
   848 | D:1      | 848 ||| Stepping ~*~*~tactically~*~*~ (stealth).
   873 | D:1      | 873 ||| UPGRADING to +0 helmet.
   878 | D:1      | 878 ||| UPGRADING to +0 chain mail.
   888 | D:1      | 888 ||| DROPPING +0 scale mail.
   889 | D:1      | 889 ||| READING scroll labelled UCLUDWOTSA.
   890 | D:1      | 890 ||| READING 2 scrolls labelled LYUDYE NARU.
   891 | D:1      | 891 ||| READING scroll of enchant armour.
   891 | D:1      | 891 ||| ENCHANTING +0 helmet.
   892 | D:1      | 892 ||| DRINKING 2 murky inky potions.
   892 | D:1      | Gained mutation: You are vulnerable to cold. (rC-) [potion
                  | of mutation]
   892 | D:1      | Gained mutation: You have a pair of small horns on your
                  | head. [potion of mutation]
   892 | D:1      | Gained mutation: Your muscles are strong. (Str +4, Int/Dex
                  | -1) [potion of mutation]
   893 | D:1      | 893 ||| DROPPING +1 helmet.
   894 | D:1      | 894 ||| DRINKING potion of mutation.
   894 | D:1      | Lost mutation: Your muscles are strong. (Str +4, Int/Dex
                  | -1) [potion of mutation]
   894 | D:1      | Lost mutation: You have a pair of small horns on your head.
                  | [potion of mutation]
   894 | D:1      | Lost mutation: You are vulnerable to cold. (rC-) [potion of
                  | mutation]
   894 | D:1      | Gained mutation: You are dopey. (Int -2) [potion of
                  | mutation]
   894 | D:1      | Gained mutation: You are agile. (Dex +4, Str/Int -1)
                  | [potion of mutation]
   966 | D:2      | 966 ||| DROPPING +0 club.
  1006 | D:2      | Reached XP level 4. HP: 28/28 MP: 4/4
  1033 | D:2      | 1033 ||| Stepping ~*~*~tactically~*~*~ (stealth).
  1034 | D:2      | 1034 ||| Stepping ~*~*~tactically~*~*~ (stealth).
  1035 | D:2      | 1035 ||| Stepping ~*~*~tactically~*~*~ (stealth).
  1064 | D:2      | Noticed Robin
  1075 | D:2      | Reached skill level 4 in Axes
  1075 | D:2      | HP: 7/28 [goblin/+0 club[Robin] (6)]
  1077 | D:2      | Killed Robin
  1077 | D:2      | HP: 2/28 [goblin/+0 club[Robin] (5)]
  1306 | D:2      | Noticed Sigmund
  1330 | D:2      | HP: 6/28 [something (8)]
  1334 | D:2      | HP: 2/28 [something (2)]
  1336 | D:2      | Slain by Sigmund

Levels and vault maps discovered:
D:1:      ncdulo_smallfort, layout_basic, serial_glass, glass_columns_b,
          glass_columns_a
D:2:      layout_basic, uniq_robin, uniq_sigmund

Skill      XL: |  1  2  3  4 |
---------------+-------------+-----
Axes           | 2 3 4 |  4.3
Fighting       | |  3.2
Armour         | |  3.2
Shields        | |  3.2

Action                     |  1- 3 |  4- 6 || total
---------------------------+-------+-------++-------
  Melee: War axe           |    85 |    54 ||   139
  Throw: Javelin           |     2 |     6 ||     8
         Boomerang         |       |     5 ||     5
    Use: Scroll            |     3 |       ||     3
         Potion            |     2 |       ||     2
 Armour: Scale mail        |    30 |       ||    30
         Chain mail        |    11 |    48 ||    59
  Dodge: Dodged            |    43 |    23 ||    66
  Block: Buckler           |    17 |     9 ||    26

Table legend:
 A = Non-vault XP
 B = Vault XP
 C = Vault XP percentage of total XP
 D = Non-vault monster count
 E = Vault monster count
 F = Vault count percentage of total count
                 A         B        C        D         E       F
            +---------+---------+-------+---------+---------+-------
      Total |     110 |      37 |  25.2 |      42 |      13 |  23.6
            +---------+---------+-------+---------+---------+-------
        D:1 |      44 |       0 |   0.0 |      27 |       0 |   0.0
        D:2 |      66 |      37 |  35.9 |      15 |      13 |  46.4
            +---------+---------+-------+---------+---------+-------
